 Dungeon Crawl Stone Soup version 0.30-a0-920-g7493c07aab (webtiles) character file.

Game seed: 11604083785013838183

9333 cforsyth the Fighter (level 11, -4/133 HPs)
             Began as a Human Fighter on Mar 21, 2023.
             Was an Elder of Okawaru.
             Slain by a vampire (10 damage)
             ... on level 10 of the Dungeon.
             The game lasted 00:16:23 (11944 turns).

cforsyth the Fighter (Human Fighter)               Turns: 11944, Time: 00:16:24

Health: -4/133     AC: 19    Str: 20    XL:     11   Next: 72%
Magic:  11/11      EV: 14    Int: 12    God:    Okawaru [****..]
Gold:   334        SH:  6    Dex: 13    Spells: 10/10 levels left

rFire   . . .      SeeInvis .    n - +3 flail (protect)
rCold   . . .      Faith    .    c - +0 buckler
rNeg    . . .      Spirit   .    y - +0 scale mail "Fiocs" {Int+3 Slay+2 Stlth+}
rPois   .          Reflect  .    (no helmet)
rElec   .          Rampage  .    u - +1 cloak
rCorr   .                        (no gloves)
Will    +....                    t - +0 pair of boots Stlth
                                 L - amulet of the acrobat
HPRegen 0.42/turn                j - ring of willpower
MPRegen 0.12/turn                B - +5 ring of evasion

@: berserking (expiring), under a protective aura, very quick
A: fangs 1
a: Renounce Religion, Heroism, Finesse


You were on level 10 of the Dungeon.
You worshipped Okawaru.
Okawaru was greatly pleased with you.
You visited 2 branches of the dungeon, and saw 11 of its levels.
You also visited: Bailey.

You collected 334 gold pieces.

Inventory:

Hand Weapons
 a - a +0 flail
 n - a +3 flail of protection (weapon)
Missiles
 N - a throwing net (quivered)
Armour
 b - a +0 scale mail
 c - a +0 buckler (worn)
 h - a +0 scale mail of willpower
 t - a +0 pair of boots (worn)
 u - a +1 cloak (worn)
 y - the +0 scale mail "Fiocs" (worn) {Int+3 Slay+2 Stlth+}
   (You found it on level 4 of the Dungeon)

   Int:       It affects your intelligence (+3).
   Slay:      It affects your accuracy & damage with ranged weapons and melee
   (+2).
   Stlth:     It makes you more stealthy.
Jewellery
 j - a ring of willpower (left hand)
 l - a +6 ring of dexterity
 p - a ring of magical power
 A - a ring of protection from cold
 B - a +5 ring of evasion (right hand)
 H - a ring of see invisible
 L - an amulet of the acrobat (around neck)
Wands
 e - a wand of flame (8)
 r - a wand of paralysis (14)
 D - a wand of iceblast (17)
 M - a wand of mindburst (1)
Scrolls
 f - a scroll of brand weapon {unknown}
 i - a scroll of butterflies
 k - 5 scrolls of poison
 m - a scroll of blinking
 o - 2 scrolls of immolation
 q - 8 scrolls of teleportation
 s - a scroll of noise {unknown}
 v - a scroll of enchant armour {unknown}
 x - 2 scrolls of fear
 F - a scroll of vulnerability {unknown}
 G - 2 scrolls of magic mapping
 I - 2 scrolls of torment {unknown}
 K - a scroll of enchant weapon
Potions
 d - 2 potions of might
 g - 5 potions of curing
 w - 2 potions of attraction
 z - 4 potions of flight
 C - 2 potions of haste {unknown}
 E - 2 potions of berserk rage
 J - a potion of mutation


   Skills:
 + Level 9.4 Fighting
 + Level 9.1 Maces & Flails
 + Level 9.4 Armour
 + Level 9.4 Shields


You had 10 spell levels left.
You didn't know any spells.
Your spell library contained the following spells:

 Spells                   Type           Power      Damage    Failure   Level
 Apportation              Tloc           0%         N/A       69%         1
 Alistair's Intoxication  Tmut/Pois      0%         N/A       100%        5
 Orb of Destruction       Conj           0%         9d5       100%        7
 Summon Guardian Golem    Hex/Summ       Unusable   N/A       N/A         3
 Spellforged Servitor     Conj/Summ      Unusable   N/A       N/A         7

Dungeon Overview and Level Annotations

Branches:
Dungeon (10/15)            Temple (1/1) D:7             Orc (0/2) D:9
 Bailey (visited)
   Lair: D:8-11

Altars:
Ashenzari
Cheibriados
Dithmenos
Elyvilon
Fedhas
Gozag
Hepliaklqana
Kikubaaqudgha
Makhleb
Okawaru
Qazlal
Ru
Sif Muna
Trog
Uskayaw
Vehumet
Wu Jian
Xom
Yredelemnul
Zin
The Shining One

Shops:
D:2 (   D:6 *


Innate Abilities, Weirdness & Mutations

You have very sharp teeth.


Message History

The vampire is severely damaged.
You barely miss the vampire.
The vampire is severely damaged.
The vampire draws life force from you!
* * * LOW HITPOINT WARNING * * *
The vampire is healed by the life force!
You completely miss the vampire.
The vampire is heavily damaged.
The vampire hits you.
* * * LOW HITPOINT WARNING * * *
The vampire closely misses you.
A red film seems to cover your vision as you go berserk!
You feel yourself moving faster!
You feel mighty! You block the vampire's attack. The vampire bites you.
* * * LOW HITPOINT WARNING * * *
The vampire draws strength from your injuries!
You hit the vampire but do no damage.
The vampire is moderately damaged.
You block the vampire's attack. The vampire bites you.
* * * LOW HITPOINT WARNING * * *
The vampire draws strength from your injuries!
You closely miss the vampire.
The vampire is moderately damaged.
The vampire gestures wildly while chanting.
The vampire flickers and vanishes!
Deactivating autopickup; reactivate with Ctrl-A.
You closely miss something. You barely miss something.
Something hits you but does no damage. Something bites you but does no damage.
You closely miss something. You bite something. You closely miss something.
Your bite misses something. Something barely misses you. Something bites you.
* * * LOW HITPOINT WARNING * * *
Something draws strength from your injuries!
You bludgeon something!!
You hear some strange, mumbled words.
Something tries to affect you, but you resist.
You hit something but do no damage. You closely miss something.
You bite something. Something hits you!
You die...

########.# #........
#....... #......###
#........ ##
#......###.## #
#....†..#...#..
#.##......@{........
#...................#
####....[...........##
#.............<....
#....^^^.........# #.#.
####.^_^.........####.#.
#.^^.............#.#.
#................#.#.
##...............#.#.


There were no monsters in sight!

Vanquished Creatures
  A two-headed ogre (D:9)
  An orc knight (Bailey)
  A manticore (D:8)
  Joseph (D:7)
  2 trolls (D:10)
  A hornet (D:7)
  Grinder (D:3)
  Sigmund (D:2)
  9 yaks (D:9)
  2 wyverns
  3 steam dragons
  2 acid dragons (D:10)
  A water moccasin (D:9)
  14 orc warriors
  An ice beast (D:7)
  4 black bears
  2 ogres
  2 centaurs
  A phantom (D:6)
  3 kobold brigands
  2 bullfrogs
  3 scorpions
  A gnoll sergeant (D:7)
  5 wights (D:6)
  7 killer bees
  2 howler monkeys (D:7)
  5 orc priests
  2 hounds (D:6)
  6 jellies
  2 sleepcaps
  A gnoll bouda (D:6)
  Terence (D:2)
  3 orc wizards
  4 iguanas
  11 gnolls
  8 adders
  2 shadow imps
  2 white imps
  An ufetubus (D:7)
  A dart slug (D:3)
  3 worms
  29 orcs
  7 ball pythons
  6 endoplasms
  2 giant cockroaches
  14 goblins
  12 hobgoblins
  3 jackals (D:2)
  26 kobolds
  6 bats
  2 frilled lizards (D:1)
  4 rats
236 creatures vanquished.

Vanquished Creatures (others)
  A human (D:4)
  A plant (D:4)
2 creatures vanquished.

Grand Total: 238 creatures vanquished

Notes
Turn   | Place    | Note
-------+----------+-------------------------------------------
     0 | D:1      | cforsyth the Human Fighter began the quest for the Orb.
     0 | D:1      | Reached XP level 1. HP: 18/18 MP: 1/1
   157 | D:1      | Reached XP level 2. HP: 23/24 MP: 2/2
   242 | D:1      | Found a faded altar of an unknown god.
   471 | D:1      | Reached XP level 3. HP: 29/29 MP: 3/3
   766 | D:2      | Found Fapud's Weapon Emporium.
   777 | D:2      | Reached XP level 4. HP: 33/35 MP: 4/4
   805 | D:2      | Noticed Terence
   819 | D:2      | Killed Terence
  1375 | D:3      | Noticed Sigmund
  1653 | D:2      | Gained mutation: You have very sharp teeth. [potion of
                  | mutation]
  1656 | D:2      | Killed Sigmund
  1657 | D:2      | Reached XP level 5. HP: 18/42 MP: 5/5
  1657 | D:2      | Reached XP level 6. HP: 21/48 MP: 6/6
  1896 | D:3      | Found a burning altar of Makhleb.
  2157 | D:3      | Noticed Grinder
  2181 | D:3      | Paralysed by Grinder for 5 turns
  2190 | D:3      | Paralysed by Grinder for 3 turns
  2193 | D:3      | Killed Grinder
  2194 | D:3      | Reached XP level 7. HP: 27/55 MP: 7/7
  2555 | D:3      | Identified the +5 falchion of Beogh's Inspiration {freeze,
                  | rF+ Stlth+}
  2858 | D:4      | Found an ancient bone altar of Kikubaaqudgha.
  2861 | D:4      | Noticed a human
  2864 | D:4      | Killed a human
  2965 | D:4      | Reached skill level 5 in Fighting
  2965 | D:4      | Reached skill level 5 in Armour
  2992 | D:4      | Reached skill level 5 in Shields
  2994 | D:4      | Reached XP level 8. HP: 55/62 MP: 8/8
  3126 | D:4      | Identified the +0 scale mail "Fiocs" {Int+3 Slay+2 Stlth+}
  3299 | D:5      | Entered Level 5 of the Dungeon
  3945 | D:5      | Found a bloodstained altar of Trog.
  4623 | D:6      | Reached skill level 5 in Maces & Flails
  4988 | D:6      | Reached XP level 9. HP: 58/69 MP: 9/9
  5293 | D:6      | Found a hide-covered altar of Uskayaw.
  5339 | D:6      | Found an iron altar of Okawaru.
  5950 | D:6      | Found Vept's Neck Hole.
  6079 | D:6      | Found a shimmering blue altar of Sif Muna.
  6421 | D:7      | Noticed Joseph
  6434 | D:7      | Killed Joseph
  6488 | D:7      | Found a staircase to the Ecumenical Temple.
  6506 | Temple   | Entered the Ecumenical Temple
  6823 | D:6      | Became a worshipper of Warmaster Okawaru
  6867 | D:7      | Reached XP level 10. HP: 77/79 MP: 10/10
  6942 | D:7      | Paralysed by a hornet for 1 turns
  7824 | D:8      | Reached * piety under Okawaru
  8405 | D:8      | Noticed a manticore
  8426 | D:8      | Killed a manticore
  9010 | D:9      | Found a flagged portal.
  9022 | Bailey   | Entered a bailey
  9386 | Bailey   | Noticed an orc knight
  9398 | Bailey   | Killed an orc knight
  9398 | Bailey   | Reached ** piety under Okawaru
  9551 | Bailey   | Reached XP level 11. HP: 62/87 MP: 11/11
 10078 | D:9      | Found a staircase to the Orcish Mines.
 10567 | D:9      | Noticed a two-headed ogre
 10579 | D:9      | Killed a two-headed ogre
 10579 | D:9      | Reached *** piety under Okawaru
 11386 | D:9      | Reached **** piety under Okawaru
 11579 | D:10     | Entered Level 10 of the Dungeon
 11887 | D:10     | Found a shimmering altar of Xom.
 11936 | D:10     | HP: 6/133 [vampire (4)]
 11941 | D:10     | HP: 5/133 [something (2)]
 11944 | D:10     | Slain by a vampire

Illustrated notes

Levels and vault maps discovered:
D:1:      lemuel_arrival_broad_hall, layout_loops_cross,
          dreamdust_ecumenical_altar_statues
D:2:      layout_basic, serial_shops, nicolae_shop_bloodbath_and_beyond,
          dk_vineyard_3, hex_large, chequers_serial_rivers_micro_b, uniq_terence
D:3:      layout_basic, mainiacjoe_overflow_catwalk, uniq_grinder, uniq_sigmund
D:4:      corexii_shack_village, layout_basic, tgw_kikubaaqudgha
D:5:      layout_layer_cave, trog_three_pillars_becter
D:6:      layout_basic, okawaru_trees_2, lemuel_blue_sif_altar,
          mainiacjoe_overflow_alcove_4, grunt_ministairs_6, nrook_campfire,
          nicolae_shop_sticking_my_neck_out
D:7:      layout_basic, minmay_temple_entry_purple_smoke, uniq_joseph
D:8:      layout_rooms
D:9:      layout_loops_corners, david_orc_5, enter_bailey_3
D:10:     layout_basic, xom_teletrap_fun, overflow_temple_1_default,
          nicolae_concentric_dashed_squares_mild, minmay_between, uniq_grum
Temple:   minmay_temple_curvy_branch

Skill      XL: |  1  2  3  4  5  6  7  8  9 10 11 |
---------------+----------------------------------+-----
Fighting       | 4 5 6 7 8 9 |  9.4
Maces & Flails | 3 4 5 6 8 9 |  9.1
Armour         | 4 5 7 8 9 |  9.4
Shields        | 4 5 7 8 9 |  9.4

Action                     |  1- 3 |  4- 6 |  7- 9 | 10-12 || total
---------------------------+-------+-------+-------+-------++-------
  Melee: Flail             |    82 |   124 |   311 |   473 ||   990
         Bite              |       |     5 |    33 |    72 ||   110
    Use: Potion            |       |     3 |       |     5 ||     8
         Scroll            |       |       |       |    12 ||    12
 Armour: Scale mail        |    40 |    67 |   134 |   212 ||   453
         Skin              |       |     2 |       |       ||     2
  Dodge: Dodged            |    35 |    51 |   184 |   451 ||   721
  Block: Buckler           |    19 |    21 |    86 |   198 ||   324

Table legend: (Time is in decaauts)
 A = Elapsed time spent in this place.
 B = Non-inter-level travel time spent in this place.
 C = Inter-level travel time spent in this place.
 D = Time resting spent in this place.
 E = Time spent auto-exploring this place.
 F = Levels seen in this place.
 G = Mean time per level.
                   A        B        C        D        E       F      G
               +--------+--------+--------+--------+--------+-----+--------+
         Total |  12110 |  11533 |    577 |   1680 |   7417 |  12 | 1009.2 |
       Dungeon |  10811 |  10238 |    573 |   1213 |   7142 |  10 | 1081.1 |
        Temple |    251 |    247 |      4 |      0 |    244 |   1 |  251.0 |
        Bailey |   1047 |   1047 |      0 |    467 |     31 |   1 | 1047.0 |
               +--------+--------+--------+--------+--------+-----+--------+

Top non-repeatable levels by time:
     D:7: 1687 daAuts
     D:6: 1665 daAuts
     D:5: 1323 daAuts
     D:9: 1214 daAuts
     D:2: 1210 daAuts
     D:8: 1178 daAuts
  Bailey: 1047 daAuts
     D:3: 844 daAuts
     D:1: 781 daAuts
     D:4: 545 daAuts
    D:10: 359 daAuts
  Temple: 251 daAuts
